 Dungeon Crawl Stone Soup version 0.29.1-1-gd02db6906a (webtiles) character file.

Game seed: 12772180801709390329

9 fireball365 the Digger (level 1, -1/14 HPs)
             Began as a Demigod Earth Elementalist on Oct 4, 2022.
             Frozen to death by an endoplasm (4 damage)
             ... on level 1 of the Dungeon.
             The game lasted 00:04:07 (548 turns).

fireball365 the Digger (Demigod Earth Elementalist)  Turns: 548, Time: 00:04:08

Health: -1/14      AC:  9    Str:  9    XL:     1   Next: 86%
Magic:  4/5        EV:  4    Int: 17    God:
Gold:   53         SH:  0    Dex: 14    Spells: 2/3 levels left

rFire   . . .      SeeInvis .   (no weapon)
rCold   . . .      Faith    .   (no shield)
rNeg    . . .      Spirit   .   h - +0 chain mail
rPois   .          Reflect  .   e - +0 helmet
rElec   .          Harm     .   (no cloak)
rCorr   .          Rampage  .   (no gloves)
Will    .....                   (no boots)
Stlth   ..........              (no amulet)
HPRegen 0.04/turn               (no ring)
MPRegen 0.09/turn               (no ring)

@: brilliant, very slightly contaminated
A: high MP 1, forlorn, divine attributes
a: no special abilities


You were on level 1 of the Dungeon.
You visited 1 branch of the dungeon, and saw 1 of its levels.

You collected 53 gold pieces.

Inventory:

Missiles
 d - 6 stones
Armour
 a - a +0 robe
 e - a +0 helmet (worn)
 g - a +0 ring mail
 h - a +0 chain mail (worn)
Scrolls
 f - a scroll of enchant armour {unknown}
 i - a scroll of teleportation {unknown}
Potions
 b - a potion of magic


   Skills:
 + Level 1.8 Dodging
 + Level 2.0 Stealth
 + Level 1.7 Spellcasting
 + Level 0.8 Transmutations
 + Level 3.1 Earth Magic


You had 2 spell levels left.
You knew the following spells:

 Your Spells              Type           Power      Damage    Failure   Level
a - Sandblast             Erth           36%        2d10      100%        1

Your spell library contained the following spells:

 Spells                   Type           Power      Damage    Failure   Level
 Passwall                 Tmut/Erth      10%        N/A       100%        2
 Stone Arrow              Conj/Erth      20%        3d8       100%        3
 Petrify                  Tmut/Erth      12%        N/A       100%        4


Dungeon Overview and Level Annotations

Branches:
Dungeon (1/15)


Innate Abilities, Weirdness & Mutations

You have an increased reservoir of magic. (+10% MP)
You shall have no god before yourself.
Your divine heritage dramatically boosts your attributes as you level up.


Message History

You see here a +0 dagger.
Found 5 gold pieces.
You now have 53 gold pieces (gained 5).
Found a stone staircase leading down.
An endoplasm comes into view.
You hit the endoplasm but do no damage. The endoplasm hits you.
You hit the endoplasm but do no damage. The endoplasm hits you.
You hit the endoplasm but do no damage. The endoplasm completely misses you.
You miscast Sandblast.
You are very lightly contaminated with residual magic.
Nothing appears to happen.
The endoplasm hits you.
You hit the endoplasm but do no damage.
The endoplasm hits you but does no damage.
You hit the endoplasm.
The endoplasm is lightly wounded.
The endoplasm hits you but does no damage.
You hit the endoplasm but do no damage.
The endoplasm is lightly wounded.
The endoplasm hits you.
* * * LOW HITPOINT WARNING * * *
You barely miss the endoplasm.
The endoplasm is lightly wounded.
The endoplasm freezes you.
You are frozen.
* * * LOW HITPOINT WARNING * * *
You hit the endoplasm but do no damage.
The endoplasm is lightly wounded.
The endoplasm hits you but does no damage.
You hit the endoplasm but do no damage.
The endoplasm is lightly wounded.
The endoplasm hits you but does no damage.
You hit the endoplasm.
The endoplasm is moderately wounded.
The endoplasm freezes you.
You are frozen.
* * * LOW HITPOINT WARNING * * *
You feel clever all of a sudden. The endoplasm freezes you.
You are frozen.
You die...

##.......## ##.....#
#....†....####...##.#
+.........'.......# #
#.........####...##
##.......## ##.##
##.....## ### ##...##
# ##'## ####.##
####.##### ###@J...#
##.##.#... ..#.##.##
......#.# #.#.#
##.#....# #.#.#
##......######.#.#
##..........##.#.#
#####.#.###.##.#.#
#####.#.# #......#
......#.######.###


You could see an endoplasm.

Vanquished Creatures
  2 bats (D:1)
  2 endoplasms (D:1)
  A goblin (D:1)
  2 ball pythons (D:1)
  A kobold (D:1)
  A rat (D:1)
9 creatures vanquished.

Notes
Turn   | Place    | Note
-------+----------+-------------------------------------------
     0 | D:1      | fireball365 the Demigod Earth Elementalist began the quest
                  | for the Orb.
     0 | D:1      | Reached XP level 1. HP: 14/14 MP: 5/5
   261 | D:1      | Reached skill level 3 in Earth Magic
   548 | D:1      | Frozen to death by an endoplasm

Illustrated notes

Levels and vault maps discovered:
D:1:      dpeg_arrival_rooms_with_view, layout_loops_corners,
          nicolae_ecumenical_snake_handling

Skill      XL: |  1 |
---------------+----+-----
Stealth        | 2 |  2.0
Earth Magic    | 3 |  3.1
Dodging        | |  1.8
Spellcasting   | |  1.7
Transmutations | |  0.8

Action                   || total
-------------------------++-------
Melee: Unarmed           ||    39
 Cast: Sandblast         ||     9
  Use: Scroll            ||     3
       Potion            ||     3
Armor: Chain mail        ||    19
       Ring mail         ||     3
       Robe              ||     2
Dodge: Dodged            ||    23
